Map: Jagannatha LE

Players

Dark - Winner!

  • Race: Zerg Zerg
  • Spawn Location: 7:00

Reynor

  • Race: Zerg Zerg
  • Spawn Location: 1:00

Event: TSL 6

VOD

Have the link to the VOD?

Description

Time

  • Played on: Dec. 19, 2020, 12:31 p.m.
  • Length: 14:32

All games in this series

Show
View Real Time Build Order
Export as new Build Order

Dark Zerg - Winner!

Build Orders: Hatch First, Muta Ling Bane 

Get SALT Encoding   

  12  0:00  Drone  
  13  0:12  Overlord  
  13  0:17  Drone  
  14  0:30  Drone  
  14  0:31  Drone  
  16  0:47  Hatchery  
  15  0:51  Drone  
  15  0:55  Drone  
  17  0:58  Drone  
  18  1:09  Extractor  
  17  1:14  Spawning Pool  
  17  1:17  Drone  
  17  1:20  Drone  
  18  1:28  Drone  
  19  1:38  Drone  
  20  1:50  Drone  
  21  2:00  Queen x2  
  26  2:01  Drone x2  
  27  2:12  Overlord  
  27  2:13  Drone  
  27  2:14  Metabolic Boost  
  28  2:30  Drone x2  
  28  2:32  Zergling x4  
  32  2:40  Hatchery  
  31  2:45  Queen  
  33  2:52  Baneling Nest  
  33  2:55  Overlord  
  33  2:57  Drone  
  33  3:00  Drone  
  33  3:03  Drone  
  35  3:05  Drone  
  36  3:15  Drone x4  
  36  3:19  Overlord  
  40  3:24  Drone x2  
  42  3:28  Drone  
  42  3:31  Overlord  
  43  3:36  Lair  
  43  3:41  Drone x2  
  45  3:42  Drone  
  45  3:46  Zergling x4  
  48  3:53  Extractor  
  47  3:55  Zergling x2  
  47  3:56  Zergling x2, Drone x3  
  47  3:58  Evolution Chamber  
  47  3:59  Drone  
  52  4:07  Drone  
  52  4:08  Drone x2  
  55  4:11  Roach Warren  
  55  4:15  Drone  
  55  4:16  Drone x3  
  55  4:17  Baneling x2  
  58  4:20  Drone x2  
  60  4:25  Extractor  
  60  4:27  Extractor  
  60  4:29  Overlord  
  59  4:37  Spine Crawler  
  57  4:46  Spine Crawler  
  57  4:50  Roach x3  
  57  4:51  Roach x5  
  74  4:53  Roach  
  74  4:59  Overlord  
  74  5:04  Overlord  
  74  5:05  Overlord  
  73  5:07  Baneling x2  
  72  5:14  Roach  
  72  5:18  Roach x2  
  72  5:19  Roach x2  
  77  5:27  Zergling x8  
  69  5:38  Spire  
  69  5:39  Overlord  
  69  5:40  Zergling x4  
  67  5:51  Baneling x4  
  67  5:53  Roach x3  
  67  5:55  Roach  
  75  6:05  Baneling x3  
  75  6:14  Drone x4  
  79  6:21  Overlord  
  79  6:24  Drone  
  79  6:25  Drone x4  
  84  6:46  Overlord x2, Hatchery  
  83  6:52  Zerg Flyer Weapons Level 1  
  83  6:59  Hatchery  
  82  7:06  Mutalisk x5  
  91  7:11  Mutalisk x2  
  91  7:15  Drone x2  
  97  7:16  Drone  
  98  7:22  Evolution Chamber  
  98  7:26  Mutalisk  
  98  7:29  Overlord  
  99  7:36  Overlord  
  99  7:42  Centrifical Hooks, Drone  
  100  7:48  Overlord  
  100  7:50  Drone x5  
  100  7:51  Drone  
  106  7:52  Drone  
  106  7:58  Drone  
  108  7:59  Zerg Melee Weapons Level 1  
  107  8:08  Mutalisk x2  
  111  8:14  Drone x3  
  111  8:16  Extractor  
  111  8:17  Extractor  
  111  8:18  Drone x3  
  113  8:22  Drone x2  
  115  8:29  Drone x6  
  121  8:39  Overlord  
  121  8:41  Overlord  
  121  8:42  Mutalisk x3  
  127  8:49  Mutalisk  
  127  8:50  Mutalisk x2  
  127  8:55  Zergling x6  
  136  8:59  Extractor x2  
  134  9:04  Zerg Flyer Weapons Level 2  
  134  9:07  Overlord  
  135  9:10  Drone x4  
  138  9:18  Mutalisk x3  
  138  9:22  Drone x3  
  138  9:24  Zergling x10  
  150  9:26  Overlord x2  
  152  9:41  Drone  
  152  9:43  Zergling x4  
  152  9:44  Zergling x4  
  157  9:49  Zergling x8  
  157  9:50  Mutalisk x3  
  157  9:52  Baneling x9  
  167  9:56  Mutalisk x2  
  171  10:02  Baneling x7  
  171  10:06  Baneling  
  171  10:07  Baneling x2  
  171  10:11  Baneling x4  
  171  10:14  Overlord  
  161  10:23  Overlord  
  161  10:25  Overlord x2  
  146  10:29  Overlord  
  146  10:31  Zergling x10  
  146  10:32  Baneling  
  146  10:33  Zergling x16, Baneling x7  
  159  10:38  Overlord x2  
  159  10:42  Zerg Melee Weapons Level 2  
  159  10:44  Mutalisk x3  
  159  10:47  Drone  
  164  10:50  Mutalisk  
  164  10:51  Mutalisk  
  164  10:53  Zergling x6  
  164  10:54  Zergling x10  
  176  10:58  Overseer  
  175  11:09  Baneling x6  
  175  11:10  Zergling x10  
  178  11:12  Hatchery  
  152  11:27  Zergling x4  
  152  11:28  Zergling x24  
  159  11:33  Mutalisk  
  159  11:38  Mutalisk x2  
  159  11:39  Mutalisk x2  
  155  11:42  Mutalisk x3  
  155  11:44  Zergling x6  
  160  11:49  Mutalisk x2  
  160  11:53  Zergling x8  
  166  11:58  Mutalisk  
  166  12:01  Zergling x2  
  166  12:07  Mutalisk x3  
  170  12:09  Zergling x6  
  170  12:13  Zerg Flyer Armor Level 1  
  170  12:21  Drone x2  
  171  12:23  Zergling x4  
  171  12:24  Baneling  
  171  12:25  Baneling x10  
  171  12:26  Overlord  
  171  12:28  Baneling x3  
  173  12:31  Zergling x8  
  173  12:33  Zergling x2  
  178  12:39  Zergling x10  
  178  12:41  Baneling x6  
  178  12:43  Pneumatized Carapace  
  183  12:45  Drone x2  
  178  12:59  Zergling x2  
  178  13:00  Zergling x26  
  178  13:01  Overseer  
  178  13:03  Baneling x6  
  187  13:06  Baneling x5  
  187  13:09  Mutalisk x3  
  187  13:11  Drone x4  
  197  13:13  Extractor  
  197  13:14  Extractor  
  197  13:15  Zergling x4  
  197  13:16  Zergling x2  
  197  13:18  Zergling x2  
  199  13:27  Overlord  
  199  13:31  Overlord  
  199  13:40  Overseer  
  199  13:41  Overlord  
  199  13:51  Zergling x8  
  199  13:52  Baneling x24  
  199  13:58  Infestation Pit  
  199  14:01  Zergling x2  
  199  14:03  Baneling x8  
Show
View Real Time Build Order
Export as new Build Order

Reynor Zerg 

Build Orders: Hatch First, Lurkers 

Get SALT Encoding   

  12  0:00  Drone  
  13  0:12  Overlord  
  13  0:17  Drone  
  14  0:30  Drone x2  
  16  0:48  Hatchery  
  15  0:52  Drone  
  15  0:55  Drone  
  17  0:59  Drone  
  18  1:09  Extractor  
  17  1:14  Spawning Pool  
  17  1:17  Drone  
  17  1:20  Drone  
  18  1:28  Drone  
  19  1:39  Drone  
  20  1:53  Drone  
  21  1:59  Overlord  
  21  2:01  Queen x2  
  21  2:02  Zergling x2  
  26  2:11  Drone  
  26  2:12  Drone  
  26  2:13  Metabolic Boost  
  28  2:21  Drone  
  28  2:22  Drone  
  30  2:35  Hatchery  
  29  2:37  Drone  
  29  2:41  Drone  
  29  2:43  Drone  
  32  2:47  Drone  
  33  2:54  Overlord  
  33  2:55  Baneling Nest  
  33  2:56  Drone  
  33  3:04  Drone  
  34  3:06  Zergling x2  
  34  3:08  Drone  
  36  3:14  Overlord  
  36  3:16  Zergling x6  
  36  3:17  Zergling x2  
  36  3:18  Drone  
  41  3:24  Drone  
  42  3:28  Drone  
  42  3:31  Evolution Chamber  
  42  3:34  Extractor, Roach Warren  
  42  3:35  Drone  
  42  3:37  Drone  
  42  3:41  Drone  
  42  3:42  Drone  
  42  3:44  Drone  
  45  3:49  Drone  
  45  3:50  Drone  
  45  3:51  Overlord  
  47  4:03  Overlord  
  47  4:14  Roach x6  
  47  4:15  Roach  
  61  4:21  Roach x2  
  65  4:25  Roach x2  
  65  4:30  Overlord  
  69  4:32  Zergling x4  
  69  4:38  Baneling x2  
  71  4:41  Zergling x6  
  71  4:45  Baneling x4  
  74  4:50  Zergling x10  
  79  4:55  Overlord  
  79  4:59  Zergling x6  
  82  5:05  Overlord  
  80  5:15  Roach  
  80  5:18  Zergling x14  
  85  5:23  Zergling x8  
  85  5:29  Ravager  
  85  5:30  Zergling x8, Ravager  
  85  5:31  Zergling x2  
  85  5:33  Ravager  
  91  5:36  Ravager  
  91  5:37  Drone  
  91  5:41  Overlord  
  92  5:44  Drone, Ravager  
  92  5:46  Drone  
  92  5:52  Drone x2  
  92  5:53  Overlord  
  92  5:54  Drone x2  
  96  5:58  Drone x2  
  96  5:59  Drone  
  96  6:02  Drone x2  
  101  6:08  Zerg Missile Weapons Level 1  
  101  6:09  Drone  
  101  6:11  Queen  
  101  6:16  Drone x3  
  106  6:20  Lair  
  106  6:26  Drone x3  
  106  6:27  Extractor  
  106  6:31  Drone x3  
  111  6:33  Overlord  
  111  6:34  Overlord  
  111  6:35  Drone x2  
  111  6:37  Extractor  
  112  6:45  Drone x2  
  113  6:48  Drone  
  113  6:51  Queen  
  113  6:52  Queen  
  117  6:55  Drone  
  117  6:58  Overlord  
  117  7:00  Drone x3  
  121  7:02  Extractor, Roach x4  
  121  7:03  Extractor  
  121  7:05  Drone x2  
  114  7:14  Roach x3  
  120  7:19  Pneumatized Carapace, Overseer  
  120  7:21  Drone x2  
  122  7:23  Glial Reconstitution  
  122  7:28  Queen  
  124  7:35  Hatchery  
  124  7:36  Queen  
  125  7:39  Drone  
  125  7:40  Spore Crawler  
  125  7:41  Overlord  
  125  7:42  Spore Crawler  
  125  7:43  Hydralisk Den, Drone  
  124  7:45  Spore Crawler x2  
  124  7:46  Drone  
  123  7:54  Overlord  
  123  8:03  Overlord  
  123  8:04  Spore Crawler  
  122  8:14  Overlord  
  122  8:15  Muscular Augments  
  122  8:19  Overlord x2  
  122  8:21  Spore Crawler  
  122  8:22  Drone  
  122  8:23  Drone  
  122  8:25  Hydralisk x3  
  129  8:30  Zerg Missile Weapons Level 2, Spore Crawler, Queen  
  131  8:35  Hydralisk x4  
  131  8:39  Hydralisk x3  
  144  8:44  Roach x2  
  147  8:50  Roach x3  
  148  8:57  Roach x2  
  148  8:58  Extractor, Roach  
  148  9:02  Roach x3  
  159  9:05  Overlord  
  159  9:06  Overlord  
  159  9:16  Drone  
  160  9:23  Overlord x2  
  160  9:25  Roach x6  
  160  9:28  Roach x2  
  176  9:35  Overlord  
  175  9:41  Overlord  
  175  9:42  Roach x3  
  175  9:43  Roach x2  
  185  9:46  Ravager x3  
  185  9:48  Roach x2  
  192  9:55  Overlord  
  192  10:00  Hydralisk x4  
  200  10:12  Infestation Pit  
  200  10:13  Drone  
  198  10:17  Drone x2  
  198  10:18  Drone x2  
  200  10:21  Drone x2  
  200  10:24  Drone x5  
  200  10:25  Drone  
  200  10:26  Drone x2  
  200  10:36  Spore Crawler  
  200  10:37  Drone  
  200  10:39  Spore Crawler x3  
  197  10:43  Drone x3  
  200  10:54  Spore Crawler  
  200  10:56  Spore Crawler, Drone x2  
  200  11:01  Lurker Den  
  199  11:08  Drone  
  200  11:12  Zerg Ground Armor Level 1  
  200  11:13  Spore Crawler  
  200  11:15  Spore Crawler  
  200  11:17  Spore Crawler  
  192  11:20  Drone x9  
  192  11:21  Hydralisk x2  
  165  11:31  Hydralisk x3  
  165  11:37  Hydralisk x2  
  158  11:44  Hydralisk  
  153  11:53  Lair  
  149  11:54  Hydralisk  
  147  12:04  Drone x6  
  145  12:11  Lurker x2  
  145  12:12  Hydralisk x2, Lurker  
  148  12:18  Lurker  
  148  12:19  Lurker x3  
  148  12:22  Spore Crawler  
  145  12:27  Spore Crawler  
  145  12:29  Spore Crawler  
  143  12:31  Drone  
  143  12:36  Hydralisk  
  143  12:37  Hydralisk x2  
  136  12:38  Drone  
  136  12:39  Drone x2  
  136  12:41  Drone  
  136  12:42  Drone  
  136  12:43  Drone  
  148  12:50  Drone x5  
  153  12:51  Extractor  
  153  12:53  Extractor  
  153  12:54  Spore Crawler  
  146  13:01  Spore Crawler  
  146  13:04  Spore Crawler  
  146  13:05  Hydralisk x2  
  148  13:15  Drone x4  
  152  13:27  Hydralisk x4  
  156  13:38  Roach  
  156  13:45  Drone x6  
  156  13:46  Drone  
  154  13:56  Ravager  
  154  13:58  Lurker x2  
  154  13:59  Drone x5  
  154  14:00  Drone  
  154  14:01  Extractor, Drone  
  154  14:02  Drone x3  
  165  14:07  Spore Crawler  
  165  14:08  Spore Crawler  
  163  14:10  Spore Crawler  
Tags
 
Add a new tag
Caveats
  • Supply blocks, unpowered buildings, or Contaminate may cause inaccurate times.
  • Supply counts are checked every 10 seconds.